 Dungeon Crawl Stone Soup version 0.22-a0-348-gd16d139 (webtiles) character file.

636 grindst0ne the Charlatan (level 7, -2/56 HPs)
             Began as a Human Artificer on Apr 9, 2018.
             Slain by grindst0ne's ghost (7 damage)
             ... on level 4 of the Dungeon.
             The game lasted 00:11:16 (6256 turns).

grindst0ne the Charlatan (Human Artificer)          Turns: 6256, Time: 00:11:17

Health: -2/56      AC:  6    Str: 13 (15) XL:     7   Next: 79%
Magic:  11/11      EV: 16    Int:  9 (11) God:
Gold:   201        SH:  0    Dex: 16 (18) Spells: 6/6 levels left

rFire    x . .     SeeInvis .   a - +1 whip (vamp)
rCold    + . .     Gourm    .   (no shield)
rNeg     . . .     Faith    .   n - +1 ring mail
rPois    .         Spirit   .   (no helmet)
rElec    .         Reflect  .   (no cloak)
rCorr    .         Harm     .   (no gloves)
MR       .....                  (no boots)
Stlth    +.........             (no amulet)
HPRegen  0.18/turn              k - ring of ice
MPRegen  0.12/turn              j - ring of loudness (curse)

@: agile
A: no striking features
a: no special abilities


You were on level 4 of the Dungeon.
You were near starving.

You visited 1 branch of the dungeon, and saw 5 of its levels.
You also visited: Sewer.

You collected 201 gold pieces.

Inventory:

Hand Weapons
 a - a +1 vampiric whip (weapon)
 b - a +0 blowgun
 g - a +4 spear
 h - a +2 short sword of holy wrath
 s - a cursed -2 short sword
Missiles
 l - 2 javelins (quivered)
 m - 8 poisoned needles
Armour
 n - a +1 ring mail (worn)
 v - a +0 leather armour
Jewellery
 j - a cursed ring of loudness (right hand)
 k - a ring of ice (left hand)
Wands
 d - a wand of enslavement (15)
 e - a wand of random effects (11)
Scrolls
 o - a scroll of identify
 x - 2 scrolls of magic mapping
 B - a scroll of amnesia
Potions
 i - 2 potions of curing
 w - a potion of flight
 A - a potion of mutation
Comestibles
 f - 4 rations


   Skills:
 + Level 5.5 Fighting
 - Level 1.0 Short Blades
 - Level 2.0 Dodging
 - Level 1.0 Stealth
 + Level 6.3 Evocations


You had 6 spell levels left.
You didn't know any spells.

Dungeon Overview and Level Annotations

Branches:
Dungeon (5/15)
 Temple: D:4-7

Altars:
Hepliaklqana
Ru
Uskayaw

Annotations:
D:3 exclusion: 2 downstairs
D:4 grindst0ne's ghost, novice HuAr


Message History

The phantom closely misses you.
Okay, then.
Okay, then.
Evoke which item? (* to show all) (? for menu, Esc to quit)
Okay, then.
It was a potion of degeneration.
There was something very wrong with that liquid.
You feel weakened.
You feel dopey.
You feel clumsy.
Grindst0ne's ghost hits you but does no damage.
The phantom blinks!
It was a potion of agility.
You feel agile all of a sudden. Grindst0ne's ghost hits you.
* * * LOW HITPOINT WARNING * * *
Grindst0ne's ghost closely misses you.
Grindst0ne's ghost says, "I have seen your future, and it is all used up."
You closely miss the phantom.
The phantom is heavily damaged.
The phantom blinks!
Grindst0ne's ghost hits you!
You die...

#..##.###.####.#.##...'........#.
#.##8.8##.# #..W##...#.##.##..#.
###.....### #...##...#.##.##..#.
##8.....8## #...##...#.##.##..#.
#.........####...##...#.##.##..#.
8.........8#.W..........##.......
.....).......###.###.########..#.
8.........8#...#ยง# #.# #..#.
#.........##...#@# #.########..#.
##8.....8##....#W###...........#.
##.....##.#####>..............#.
##8.8##..#####################.
##.###.......#### #. #..#
#..#######.# #. #.## #..#
#.#############. #.# #..#
#............... #.# #..#
#.#############.


You could see a phantom and grindst0ne's ghost.

Vanquished Creatures
  An ogre (D:4)
  2 bullfrogs (Sewer)
  A jelly (D:4)
  The ghost of Goblin1989 the Ducker, a weakling FeMo (D:3)
  A worker ant (D:4)
  A hound skeleton (D:4)
  14 adders
  6 oozes (Sewer)
  2 worms (D:4)
  A dart slug (D:1)
  8 leopard geckos
  4 orcs (D:3)
  14 ball pythons
  12 bats
  15 giant cockroaches
  11 goblins
  13 hobgoblins
  2 quokkas
  20 frilled lizards
  7 kobolds
  7 rats
143 creatures vanquished.

Notes
Turn   | Place    | Note
-------+----------+-------------------------------------------
     0 | D:1      | grindst0ne the Human Artificer began the quest for the Orb.
     0 | D:1      | Reached XP level 1. HP: 15/15 MP: 3/3
    69 | D:1      | Reached XP level 2. HP: 16/21 MP: 4/4
   392 | D:1      | Reached XP level 3. HP: 13/27 MP: 5/5
  1159 | D:2      | Reached XP level 4. HP: 21/34 MP: 6/6
  1161 | D:2      | Reached skill level 4 in Evocations
  2696 | D:3      | Reached XP level 5. HP: 41/41 MP: 8/8
  2788 | D:3      | Noticed Goblin1989's ghost (weakling FeMo)
  2792 | D:3      | Killed Goblin1989's ghost
  3216 | D:4      | Found a glowing drain.
  3255 | Sewer    | Entered a sewer
  3365 | Sewer    | Reached XP level 6. HP: 48/48 MP: 9/9
  3448 | Sewer    | Reached skill level 5 in Evocations
  4439 | Sewer    | Reached XP level 7. HP: 28/55 MP: 11/11
  4712 | D:4      | Reached skill level 5 in Fighting
  4781 | D:4      | Reached skill level 6 in Evocations
  5170 | D:4      | Noticed grindst0ne's ghost (novice HuAr)
  5784 | D:4      | Found a sacrificial altar of Ru.
  5784 | D:4      | Found a hide-covered altar of Uskayaw.
  5784 | D:4      | Found a hazy altar of Hepliaklqana.
  6204 | D:5      | Entered Level 5 of the Dungeon
  6256 | D:4      | Slain by grindst0ne's ghost

Vault maps used:
D:1:      minmay_arrival_solitary_statue
D:4:      gammafunk_temple_overflow_claw, cheibrodos_sewer_entry_bend,
          first_ration, dk_noncrumbling_4
D:5:      minmay_diamond_boxcup, grunt_ministairs_6
Sewer:    sewer_frog_island_02

Skill      XL: |  1  2  3  4  5  6  7 |
---------------+----------------------+-----
Fighting       | 2 3 4 5 |  5.5
Evocations     | 4 5 6 |  6.3
Short Blades   | |  1.0
Dodging        | |  2.0
Stealth        | |  1.0

Action                   |  1- 3 |  4- 6 |  7- 9 || total
-------------------------+-------+-------+-------++-------
Melee: Short sword       |    69 |       |       ||    69
       Spear             |    16 |    22 |       ||    38
       Whip              |       |   409 |    83 ||   492
Throw: Javelin           |       |       |     2 ||     2
Evoke: Wand              |       |     4 |    18 ||    22
  Use: Scroll            |       |     4 |     8 ||    12
       Potion            |       |     1 |     4 ||     5
 Stab: Sleeping          |     2 |       |       ||     2
  Eat: Chunk             |     1 |     9 |     4 ||    14
       Ration            |       |     2 |       ||     2
Armor: Leather armour    |    20 |       |       ||    20
       Ring mail         |       |   208 |    31 ||   239
Dodge: Dodged            |    62 |   386 |    54 ||   502

Table legend:
 A = Spawn XP
 B = Non-spawn XP
 C = Spawn XP percentage of total XP
 D = Spawn monster count
 E = Non-spawn monster count
 F = Spawn count percentage of total count
 G = Total turns spent on level
                    A         B        C        D         E        F      G
               +---------+---------+-------+---------+---------+-------+---------
         Total |       0 |     909 |   0.0 |       0 |     143 |   0.0 |  6256
               +---------+---------+-------+---------+---------+-------+---------
           D:1 |       0 |      52 |   0.0 |       0 |      30 |   0.0 |  1124
           D:2 |       0 |      79 |   0.0 |       0 |      26 |   0.0 |  1478
           D:3 |       0 |     101 |   0.0 |       0 |      18 |   0.0 |  1021
           D:4 |       0 |     271 |   0.0 |       0 |       9 |   0.0 |  1189
         Sewer |       0 |     406 |   0.0 |       0 |      60 |   0.0 |  1398
               +---------+---------+-------+---------+---------+-------+---------
